 Dungeon Crawl Stone Soup version 0.21.1-1-g345015fe64 (webtiles) character file.

24775 Hercules1031 the Fighter (level 13, -2/74 HPs)
             Began as a Vine Stalker Fighter on June 20, 2018.
             Was an Elder of Ashenzari.
             Slain by an orc warlord
             ... wielding a +0 great sword
              (20 damage)
             ... on level 2 of the Orcish Mines on June 21, 2018.
             The game lasted 01:03:10 (10476 turns).

Hercules1031 the Fighter (Vine Stalker Fighter)    Turns: 10476, Time: 01:03:11

Health: -2/74      AC: 23    Str: 27    XL:     13   Next: 15%
Magic:  0/32       EV:  9    Int: 13    God:    Ashenzari [****..]
Gold:   792        SH: 17    Dex: 14    Spells: 24/24 levels left

rFire    + . .     SeeInvis +   t - +5 rapier of Waycveil {pierce, Int+5 Stlth+} (curse)
rCold    . . .     Gourm    .   c - +4 shield (curse)
rNeg     . . .     Faith    .   z - +1 plate armour {rF+} (curse)
rPois    .         Spirit   +   m - +2 helmet (curse)
rElec    .         Reflect  .   (no cloak)
rCorr    .         Harm     .   (no gloves)
MR       +....     Clarity  +   g - +2 pair of boots (curse)
Stlth    ..........             h - amulet of regeneration (curse)
HPRegen  1.42/turn              y - +3 ring of strength (curse)
MPRegen  0.23/turn              C - ring of magical power (curse)

@: about to teleport
A: fangs 3, regeneration 2, magic shield, antimagic bite, no potion heal 3, rot
immunity
a: Curse Item, Scrying, Renounce Religion


You were on level 2 of the Orcish Mines.
You worshipped Ashenzari.
Ashenzari was greatly pleased with you.
You were not hungry.

You visited 2 branches of the dungeon, and saw 14 of its levels.
You also visited: Sewer.

You collected 964 gold pieces.
You spent 172 gold pieces at shops.

Inventory:

Hand Weapons
 k - the +7 short sword of Recklessness {drain, rElec rF+}
   (You found it on level 12 of the Dungeon)

   A truly terrible weapon, it drains the life of those it strikes.
   It protects you from fire.
   It insulates you from electricity.
 l - the +2 rapier of Impeachment {antimagic, Str+6}
   (You found it on level 11 of the Dungeon)

   It reduces the magical energy of the wielder, and disrupts the spells and
   magical abilities of those hit.
   Natural abilities and divine invocations are not affected.
   It affects your strength (+6).
 t - the cursed +5 rapier of Waycveil (weapon) {pierce, Int+5 Stlth+}
   (You took it off a crimson imp on level 5 of the Dungeon)

   It inflicts extra damage upon your enemies.
   It affects your intelligence (+5).
   It makes you more stealthy.
   It has a curse placed upon it.
Armour
 c - a cursed +4 shield (worn)
 g - a cursed +2 pair of boots (worn)
 m - a cursed +2 helmet (worn)
 z - a cursed +1 plate armour of fire resistance (worn)
Jewellery
 d - an uncursed ring of flight
 h - a cursed amulet of regeneration (around neck)
 y - a cursed +3 ring of strength (left hand)
 C - a cursed ring of magical power (right hand)
 F - an uncursed ring of ice
Wands
 a - a wand of disintegration (12)
 p - a wand of acid (22)
 q - a wand of flame (59)
 u - a wand of iceblast (13)
 w - a wand of polymorph (10)
 A - a wand of paralysis (9)
 E - a wand of scattershot (6)
Scrolls
 b - 2 scrolls of teleportation
 f - 2 scrolls of amnesia
 n - a scroll of magic mapping
 o - 8 scrolls of identify
 v - a scroll of enchant weapon
 D - a scroll of remove curse
Potions
 e - 3 potions of flight
 x - 2 potions of brilliance
Books
 i - a book of the Tempests

   Spells                             Type                      Level
   a - Static Discharge               Conjuration/Air              3
   b - Lightning Bolt                 Conjuration/Air              5
   c - Ignition                       Fire                         8
   d - Tornado                        Air                          9
   e - Shatter                        Earth                        9
 r - a book of Misfortune

   Spells                             Type                      Level
   a - Confusing Touch                Hexes                        1
   b - Confuse                        Hexes                        3
   c - Gell's Gravitas                Translocation                3
   d - Petrify                        Transmutation/Earth          4
   e - Metabolic Englaciation         Hexes/Ice                    5
   f - Yara's Violent Unravelling     Hexes/Transmutation          5
 s - a book of Flames

   Spells                             Type                      Level
   a - Flame Tongue                   Conjuration/Fire             1
   b - Throw Flame                    Conjuration/Fire             2
   c - Conjure Flame                  Conjuration/Fire             3
   d - Inner Flame                    Hexes/Fire                   3
   e - Sticky Flame                   Conjuration/Fire             4
   f - Fireball                       Conjuration/Fire             5
 B - a Young Poisoner's Handbook

   Spells                             Type                      Level
   a - Sting                          Conjuration/Poison           1
   b - Poisonous Vapours              Poison/Air                   2
   c - Mephitic Cloud                 Conjuration/Poison/Air       3
   d - Olgreb's Toxic Radiance        Poison                       4
   e - Venom Bolt                     Conjuration/Poison           5
Comestibles
 j - 13 rations


   Skills:
 + Level 11.5 Fighting
 + Level 8.1(11.6) Short Blades
   Level 3.0 Axes
 + Level 8.6(12.0) Armour
 + Level 3.5 Dodging
 + Level 9.4(11.6) Shields
 - Level 6.0 Spellcasting


You had 24 spell levels left.
You didn't know any spells.

Dungeon Overview and Level Annotations

Branches:
Dungeon (12/15)            Temple (0/1) D:5            Lair (0/6) D:8
    Orc (2/2) D:12
    Elf: Orc:2

Altars:
Ashenzari
Dithmenos
Makhleb
Sif Muna
Uskayaw

Shops:
D:8 =(%   Orc:1 }


Innate Abilities, Weirdness & Mutations

You have razor-sharp teeth.
You heal very quickly.
When hurt, damage is shared between your health and your magic reserves.
Your bite disrupts and absorbs the magic of your enemies.
Potions cannot restore your health.
You are immune to rotting.


Message History

The orc warrior hits you but does no damage. x2
You puncture the orc warlord!
The orc warlord is heavily wounded.
You block the orc warrior's attack. The orc warlord barely misses you.
You block the orc warrior's attack.
You hit the orc warlord. Your bite misses the orc warlord.
The orc warlord is heavily wounded.
The orc warrior no longer looks unusually strong.
The ogre hits you with a giant spiked club!
You block the orc warrior's attack.
The orc warrior hits you with a dire flail of protection!!
* * * LOW HITPOINT WARNING * * *
You hit the orc warlord.
You bite the orc warlord, but do no damage.
The orc warlord is heavily wounded.
The orc knight no longer looks unusually strong.
The orc warrior hits you but does no damage.
You block the orc knight's attack.
The orc warlord hits you with a great sword!!
You die...

##..............$....8,
,, ,,
#.................... ,,
, ##..[................,,
, ,_ ,
####...)))....#.........
,,,
#.#.^..#...............8,
,
..................o..###
, ,
#.#.#.##.........$o....#*
, ,
#######........Ooo....# ,
,*, *
*##.#.......o@o...##, ,
...#...........oo...#,,,
* , ,
,...............O....#
,....................# *
, ,.....#................
, , ,
,......#................,
, ,
.................$.....
,.#.....................
, * #.................. ,
*


You could see an orc warlord, an orc knight, 5 orc warriors, 2 ogres and an orc
wizard.

Vanquished Creatures
  An ettin (Orc:2)
  Fannar (Orc:1)
  An ogre mage (D:10)
  10 two-headed ogres
  Urug (Orc:1)
  An ugly thing (D:11)
  A cyclops (D:11)
  An orc sorcerer (Orc:2)
  The ghost of Evaline the Bolt Thrower, a novice GrHu of Okawaru (D:5)
  Maurice (D:8)
  A komodo dragon (D:11)
  A queen bee (D:8)
  3 trolls (Orc:2)
  A slime creature (D:11)
  Grinder (D:3)
  3 hippogriffs
  A shadow (D:11)
  11 yaks
  5 humans (D:6)
  A wyvern (D:9)
  A hungry ghost (D:7)
  Grum (D:8)
  2 water moccasins
  4 porcupines (D:8)
  A black bear (D:11)
  3 ice beasts
  7 ogres
  10 orc warriors
  An eye of draining (D:9)
  A phantom (D:4)
  3 wolves (D:8)
  10 centaurs
  A crocodile (D:10)
  7 big kobolds
  8 bullfrogs
  A gnoll sergeant (D:10)
  A wyvern zombie (D:8)
  5 scorpions
  25 killer bees
  5 wights (D:8)
  2 crimson imps
  A howler monkey (D:11)
  2 bullfrog zombies
  2 centaur zombies
  3 orc priests
  7 hounds
  5 jellies (D:11)
  A bullfrog skeleton (D:12)
  5 centaur skeletons
  5 iguanas
  5 orc wizards
  9 worker ants
  A killer bee zombie (D:7)
  A hound zombie (D:7)
  A hound skeleton (D:6)
  A worker ant zombie (D:5)
  Robin (D:3)
  17 adders
  8 gnolls
  3 river rats
  5 shadow imps
  21 oozes
  An adder zombie (D:8)
  13 worms
  4 dart slugs
  4 leopard geckos
  37 orcs
  7 giant cockroaches
  9 goblins
  9 hobgoblins
  5 jackals
  3 quokkas
  A ball python (D:1)
  10 bats
  7 frilled lizards
  A giant cockroach zombie (D:6)
  26 kobolds
  12 rats
399 creatures vanquished.

Vanquished Creatures (others)
  5 fungi
5 creatures vanquished.

Grand Total: 404 creatures vanquished

Notes
Turn   | Place    | Note
-------+----------+-------------------------------------------
     0 | D:1      | Hercules1031 the Vine Stalker Fighter began the quest for the Orb.
     0 | D:1      | Reached XP level 1. HP: 11/11 MP: 2/2
    49 | D:1      | Reached XP level 2. HP: 6/16 MP: 1/3
    72 | D:1      | Reached skill level 3 in Fighting
   373 | D:1      | Reached XP level 3. HP: 18/20 MP: 4/4
   927 | D:2      | Gained mutation: Your natural rate of healing is unusually fast. [Vine Stalker growth]
   927 | D:2      | Reached XP level 4. HP: 10/24 MP: 5/5
  1844 | D:3      | Found a faded altar of an unknown god.
  1863 | D:3      | Became a worshipper of Ashenzari the Shackled
  1863 | D:3      | Reached * piety under Ashenzari
  1954 | D:3      | Reached skill level 1 in Spellcasting
  2002 | D:3      | Reached XP level 5. HP: 29/29 MP: 7/7
  2010 | D:3      | Noticed Grinder
  2028 | D:3      | Killed Grinder
  2028 | D:3      | Reached skill level 4 in Fighting
  2028 | D:3      | Reached XP level 6. HP: 20/34 MP: 7/9
  2054 | D:3      | Noticed Robin
  2062 | D:3      | Killed Robin
  2547 | D:4      | Noticed a phantom
  2562 | D:4      | Killed a phantom
  2562 | D:4      | Reached skill level 1 in Maces & Flails
  2562 | D:4      | Reached XP level 7. HP: 38/38 MP: 11/11
  2767 | D:4      | Reached skill level 5 in Fighting
  3101 | D:5      | Entered Level 5 of the Dungeon
  3197 | D:5      | Noticed Evaline's ghost (novice GrHu)
  3233 | D:5      | Killed Evaline's ghost
  3233 | D:5      | Gained mutation: You have razor-sharp teeth. [Vine Stalker growth]
  3233 | D:5      | Reached XP level 8. HP: 30/44 MP: 12/12
  3333 | D:5      | Reached ** piety under Ashenzari
  3342 | D:5      | Found a hide-covered altar of Uskayaw.
  3354 | D:5      | Reached skill level 6 in Fighting
  3388 | D:5      | Found a staircase to the Ecumenical Temple.
  3593 | D:5      | Got the rapier of Waycveil {pierce, Int+5 Stlth+}
  3594 | D:5      | Identified the +5 rapier of Waycveil {pierce, Int+5 Stlth+} (You took it off a crimson imp on level 5 of the Dungeon)
  3771 | D:6      | Found a glowing drain.
  3778 | D:6      | Reached skill level 1 in Short Blades
  3793 | Sewer    | Entered a sewer
  4193 | Sewer    | Reached skill level 5 in Shields
  4483 | D:6      | Reached XP level 9. HP: 49/49 MP: 13/13
  4495 | D:6      | Reached skill level 7 in Fighting
  4830 | D:6      | Reached skill level 5 in Armour
  4917 | D:6      | Reached skill level 8 in Fighting
  5329 | D:7      | Reached XP level 10. HP: 57/57 MP: 14/14
  5472 | D:7      | Found a shadowy altar of Dithmenos.
  5473 | D:7      | Found a deep blue altar of Sif Muna.
  5565 | D:8      | Noticed a two-headed ogre
  5576 | D:8      | Killed a two-headed ogre
  5594 | D:8      | Reached skill level 9 in Fighting
  5663 | D:8      | Noticed Grum
  5664 | D:8      | Reached *** piety under Ashenzari
  5669 | D:8      | Noticed a two-headed ogre
  5713 | D:8      | Found Ucsiacsa's Jewellery Boutique.
  5715 | D:8      | Noticed Maurice
  5719 | D:8      | Killed Maurice
  5733 | D:8      | Killed a two-headed ogre
  5733 | D:8      | Reached skill level 5 in Short Blades
  5788 | D:8      | Bought a +3 ring of strength for 172 gold pieces
  6087 | D:8      | Killed Grum
  6087 | D:8      | Reached XP level 11. HP: 59/63 MP: 12/15
  6117 | D:8      | Found a staircase to the Lair.
  6124 | D:8      | Found Efoubb's Weapon Emporium.
  6154 | D:8      | Reached skill level 10 in Fighting
  6354 | D:8      | Found Xigyt's Food Boutique.
  6672 | D:9      | Found a burning altar of Makhleb.
  7246 | D:10     | Entered Level 10 of the Dungeon
  7444 | D:10     | Reached **** piety under Ashenzari
  7724 | D:10     | Noticed a two-headed ogre
  7727 | D:10     | Noticed an ogre mage
  7736 | D:10     | Killed a two-headed ogre
  7737 | D:10     | Noticed a two-headed ogre
  7741 | D:10     | Noticed a two-headed ogre
  7741 | D:10     | Killed an ogre mage
  7742 | D:10     | Noticed a two-headed ogre
  7750 | D:10     | Killed a two-headed ogre
  7926 | D:9      | Killed a two-headed ogre
  7930 | D:9      | Killed a two-headed ogre
  7930 | D:9      | Gained mutation: You heal very quickly. [Vine Stalker growth]
  7930 | D:9      | Reached XP level 12. HP: 13/69 MP: 19/19
  8723 | D:11     | Reached skill level 5 in Spellcasting
  8734 | D:11     | Noticed a two-headed ogre
  8745 | D:11     | Killed a two-headed ogre
  8754 | D:11     | Reached skill level 11 in Fighting
  8917 | D:11     | Noticed a two-headed ogre
  8923 | D:11     | Killed a two-headed ogre
  9112 | D:11     | Identified the +2 rapier of Impeachment {antimagic, Str+6}
  9481 | D:12     | Identified the +7 short sword of Recklessness {drain, rElec rF+}
  9485 | D:12     | Reached ***** piety under Ashenzari
  9692 | D:12     | Found a staircase to the Orcish Mines.
  9712 | D:12     | Reached skill level 1 in Dodging
  9716 | D:12     | Reduced skill Maces & Flails to level 1
  9836 | Orc:1    | Entered Level 1 of the Orcish Mines
  9859 | Orc:1    | Found Qirivvic's Gadget Boutique.
  9871 | Orc:1    | Noticed Urug
  9888 | Orc:1    | Killed Urug
 10021 | Orc:1    | Noticed a two-headed ogre
 10041 | Orc:1    | Killed a two-headed ogre
 10047 | Orc:1    | Noticed Fannar
 10073 | Orc:1    | Killed Fannar
 10157 | Orc:2    | Entered Level 2 of the Orcish Mines
 10171 | Orc:2    | Noticed an ettin
 10181 | Orc:2    | Killed an ettin
 10181 | Orc:2    | Reached XP level 13. HP: 74/74 MP: 23/23
 10448 | Orc:2    | Noticed an orc warlord
 10476 | Orc:2    | Slain by an orc warlord

Skill      XL: |  1  2  3  4  5  6  7  8  9 10 11 12 13 |
---------------+----------------------------------------+-----
Fighting       | 3 4 5 6 8 9 10 11 | 11.5
Axes           | 2 3 |  3.0
Shields        | 3 4 5 6 7 8 9 |  9.4
Spellcasting   | 1 2 4 6 |  6.0
Armour         | 3 4 5 6 7 8 |  8.6
Maces & Flails | 1 2 0 |  0.0
Short Blades   | 1 3 5 6 7 8 |  8.1
Dodging        | 3 |  3.5

Action                   |  1- 3 |  4- 6 |  7- 9 | 10-12 | 13-15 || total
-------------------------+-------+-------+-------+-------+-------++-------
Melee: War axe           |    82 |   103 |       |       |       ||   185
       Bite              |    18 |    33 |   106 |   284 |    41 ||   482
       Club              |       |    31 |   126 |       |       ||   157
       Rapier            |       |       |   250 |   686 |    89 ||  1025
Invok: Curse Item        |       |     3 |     2 |     2 |       ||     7
       Transfer Knowledg |       |       |       |     1 |       ||     1
  Use: Scroll            |     1 |     4 |     5 |    12 |     1 ||    23
       Potion            |     1 |     4 |     4 |     7 |       ||    16
  Eat: Ration            |     1 |     2 |     4 |     5 |       ||    12
Armor: Scale mail        |    62 |    68 |    18 |       |       ||   148
       Plate armour      |       |       |   213 |   393 |    23 ||   629
Dodge: Dodged            |    35 |    39 |    53 |   182 |    31 ||   340
Block: Shield            |    60 |    84 |   264 |   751 |   100 ||  1259
